Kings vs Golden Knights (R1)

Created - November 5, 2019 at 19:33

Goals
1 2 3 T
Kings 1 0 2 3
Golden Knights 1 0 1 2
Shots
1 2 3 T
Kings 2 12 15 29
Golden Knights 14 10 10 34

1st period

1. Golden Knights , Chris Higgins 2 (Andrei Loktionov 2, Michael Kostka 4) at 3:11 (PP)
2. Kings , Claude Giroux 3 (Radko Gudas 2, Jordan Nolan 3) at 18:03 (PP)

Penalties :
Daniel Carcillo (LAK) for Hooking (Minor) at 2:31, Daniel Carcillo (LAK) for Hooking (Minor) at 8:53, Zach Bogosian (Vgs) for High sticking (Minor) at 17:50, Anze Kopitar (LAK) for Interference (Minor) at 18:55

2nd period

No Goal

Penalties :
Andrei Loktionov (Vgs) for Hooking (Minor) at 7:33, Brad Richardson (Vgs) for Hooking (Minor) at 11:00, Darnell Nurse (LAK) for Hooking (Minor) at 14:08

3rd period

3. Kings , Claude Giroux 4 (Anze Kopitar 6) at 0:12
4. Kings , Brian McGrattan 2 (John Carlson 6, Radko Gudas 3) at 1:48
5. Golden Knights , Chris Higgins 3 (Vincent Lecavalier 2, Jared Cowen 3) at 2:29

Penalties :
Jakub Kindl (Vgs) for Hooking (Minor) at 3:03, Mathew Dumba (Vgs) for Roughing (Minor) at 7:00, Brad Richardson (Vgs) for Tripping (Minor) at 18:44

Goalie Stats

Philipp Grubauer (LAK), 32 saves from 34 shots - (0.941), W, 3-3-0, 60:00 minutes
Matt Hackett (Vgs), 26 saves from 29 shots - (0.897), L, 2-1-0, 60:00 minutes

Players Stats for Kings

Player Name              G  A  P  +/- PIM S  H  SB GA TA FO     MP     PP MP  PK MP  
------------------------------------------------------------------------------------
Anze Kopitar             0  1  1   1  2   0  2  0  0  0  10/27  20:48   5:17   1:54 
Brian McGrattan          1  0  1   1  0   2  1  1  0  0  1/3    13:45   0:00   3:44 
Claude Giroux            2  0  2   1  0   7  1  0  0  1  1/1    20:47   5:17   2:21 
Dan Hamhuis              0  0  0   0  0   0  1  1  0  0  0/0    13:55   0:00   0:26 
Daniel Carcillo          0  0  0  -1  4   1  0  0  0  0  0/0    11:04   0:00   1:11 
Darnell Nurse            0  0  0   0  2   1  2  0  2  1  0/0    21:47   4:12   3:03 
Darroll Powe             0  0  0   1  0   0  0  0  0  0  2/3     9:45   0:00   0:00 
Gilbert Brule            0  0  0  -1  0   2  2  1  1  0  4/8    17:58   4:07   3:47 
John Carlson             0  1  1   0  0   5  1  1  0  1  0/0    23:30   5:12   2:08 
Jon Merrill              0  0  0   0  0   0  1  1  0  1  0/0    18:10   0:00   4:29 
Jordan Nolan             0  1  1   0  0   2  0  0  0  0  7/11   16:07   5:11   0:00 
Kevin Hayes              0  0  0  -1  0   0  1  0  1  0  0/1    13:46   4:07   0:00 
Loui Eriksson            0  0  0   0  0   4  2  0  1  0  0/0    15:01   4:07   0:00 
Matt Martin              0  0  0   1  0   1  3  0  0  1  1/3    12:58   0:00   0:00 
Maxim Afinogenov         0  0  0   0  0   0  0  0  0  0  0/0    10:57   0:06   0:00 
Peter Worrell            0  0  0   1  0   1  0  0  0  0  0/0    10:24   0:00   0:17 
Radko Gudas              0  2  2   1  0   1  1  2  0  1  0/0    23:19   5:12   2:08 
Tyler Cuma               0  0  0   1  0   2  1  0  1  0  0/0    19:18   4:12   1:00 

Players Stats for Golden Knights

Player Name              G  A  P  +/- PIM S  H  SB GA TA FO     MP     PP MP  PK MP  
------------------------------------------------------------------------------------
Alex Tanguay             0  0  0   0  0   1  0  0  1  0  0/0    11:54   0:03   1:29 
Andrei Loktionov         0  1  1  -2  2   3  1  0  0  0  10/23  16:36   3:17   0:00 
Brad Richardson          0  0  0   0  4   1  2  0  0  0  2/2    10:17   0:00   0:00 
Brandon Bollig           0  0  0   0  0   0  0  0  0  1  0/0     7:13   0:00   0:00 
Chris Higgins            2  0  2   1  0   3  0  0  0  1  1/1    15:12   3:17   0:00 
Ilya Kovalchuk           0  0  0  -2  0   2  1  1  0  1  7/10   22:36   3:20   5:37 
Jakub Kindl              0  0  0  -1  2   3  1  1  0  0  0/0    15:30   0:00   0:00 
Jared Cowen              0  1  1   0  0   2  6  1  0  0  0/0    25:45   3:42   4:27 
Mathew Dumba             0  0  0   0  2   1  0  2  0  0  0/0    10:36   0:00   0:00 
Michael Frolik           0  0  0  -2  0   6  1  0  0  1  1/2    21:21   3:20   2:27 
Michael Kostka           0  1  1  -1  0   3  1  1  1  1  0/0    20:52   2:55   4:14 
Patrice Cormier          0  0  0   0  0   2  1  0  0  0  1/2    12:16   0:00   2:27 
Scottie Upshall          0  0  0   0  0   0  1  1  1  1  0/0    10:21   3:17   0:00 
Tim Connolly             0  0  0   0  0   1  2  0  0  0  2/4    11:28   0:00   1:20 
Vincent Lecavalier       0  1  1   1  0   1  5  0  0  0  6/12   14:04   3:17   0:00 
Vladimir Mihalik         0  0  0   0  0   0  1  1  0  0  0/0    19:42   2:55   5:10 
Zach Bogosian            0  0  0   0  2   2  0  0  2  0  0/0    28:28   3:42   4:57 
Zack Kassian             0  0  0   1  0   3  0  0  1  0  1/1    16:19   0:00   5:28 

3 Stars

1 - Claude Giroux (LAK)
2 - Chris Higgins (Vgs)
3 - Radko Gudas (LAK)

Power Play

Kings - 1 on 6 Attempt(s) - 16.67%
Golden Knights - 1 on 4 Attempt(s) - 25.00%

Penalty Kill

Kings - 3 on 4 Attempt(s) - 75.00% - Score 0 goal in Penalty Kill
Golden Knights - 5 on 6 Attempt(s) - 83.33% - Score 0 goal in Penalty Kill

Team Stat

Kings - Hits : 19 - Faceoff Wins : 26 - Blocked Shots : 7 - Penalty Minutes : 8
Golden Knights - Hits : 23 - Faceoff Wins : 31 - Blocked Shots : 8 - Penalty Minutes : 12

Official

Referees : Unknown
Linesman : Unknown

Game Notes

No Game Note

Finance

Level 1 -- Attendance: 5822 (97.03%) -- Ticket Income $541,446
Level 2 -- Attendance: 4572 (91.44%) -- Ticket Income $269,748
Level 3 -- Attendance: 1862 (93.10%) -- Ticket Income $72,618
Level 4 -- Attendance: 4000 (100.00%) -- Ticket Income $108,000
Luxury Box -- Attendance: 1000 (100.00%) -- Ticket Income $160,000
Game was played at the Duff Garden.
Total Attendance: 17256 (95.87%)
Total Ticket Income: $1,151,812
Other Income: $172,772
Total Income: $1,324,584

Kings

5 vs 5 Forward 
   Center                   Left Wing                Right Wing               Time % Phy DF OF 
 1 Anze Kopitar             Matt Martin              Claude Giroux            40     1   2  2  
 2 Jordan Nolan             Loui Eriksson            Maxim Afinogenov         30     1   2  2  
 3 Gilbert Brule            Daniel Carcillo          Kevin Hayes              25     1   2  2  
 4 Darroll Powe             Peter Worrell            Brian McGrattan          5      3   2  0  

5 vs 5 Defense 
   Defense                  Defense                                           Time % Phy DF OF 
 1 John Carlson             Darnell Nurse                                     35     1   2  2  
 2 Tyler Cuma               Radko Gudas                                       35     1   2  2  
 3 Dan Hamhuis              Jon Merrill                                       30     1   2  2  
 4 Darnell Nurse            Radko Gudas                                       0      1   2  2  

PowerPlay Forward 
   Center                   Left Wing                Right Wing               Time % Phy DF OF 
 1 Anze Kopitar             Jordan Nolan             Claude Giroux            60     1   1  3  
 2 Gilbert Brule            Loui Eriksson            Kevin Hayes              40     1   1  3  

PowerPlay Defense
   Defense                  Defense                                           Time % Phy DF OF 
 1 Radko Gudas              John Carlson                                      60     0   2  3  
 2 Darnell Nurse            Tyler Cuma                                        40     0   2  3  

Penalty Kill 4 Players Forward 
   Center                   Wing                     Time % Phy DF OF 
 1 Gilbert Brule            Brian McGrattan          60     1   3  1  
 2 Claude Giroux            Anze Kopitar             40     1   3  1  

Penalty Kill 4 Players Defense
   Defense                  Defense                  Time % Phy DF OF 
 1 Darnell Nurse            Jon Merrill              60     1   4  0  
 2 Radko Gudas              John Carlson             40     1   4  0  

Penalty Kill - 3 Players Forward 
   Forward                                           Time % Phy DF OF 
 1 Claude Giroux                                     60     1   3  1  
 2 Anze Kopitar                                      40     1   3  1  

Penalty Kill - 3 Players Defense
   Defense                  Defense                  Time % Phy DF OF 
 1 Jon Merrill              Darnell Nurse            60     1   4  0  
 2 Tyler Cuma               Radko Gudas              40     1   4  0  

4 vs 4 Forward 
   Center                   Wing                     Time % Phy DF OF 
 1 Claude Giroux            Anze Kopitar             60     1   2  2  
 2 Jordan Nolan             Maxim Afinogenov         40     1   1  3  

4 vs 4 Defense
   Defense                  Defense                  Time % Phy DF OF 
 1 John Carlson             Radko Gudas              60     1   2  2  
 2 Tyler Cuma               Jon Merrill              40     1   2  2  

Last Minutes Offensive
   Center                   Left Wing                Right Wing               Defense                  Defense                  
   Anze Kopitar             Matt Martin              Claude Giroux            John Carlson             Radko Gudas              

Last Minutes Defensive
   Center                   Left Wing                Right Wing               Defense                  Defense                  
   Anze Kopitar             Matt Martin              Claude Giroux            Jon Merrill              Radko Gudas              

Goaltenders
Starting : Philipp Grubauer         
Backup : Antti Niemi              

Extra Forwards
Normal : Anze Kopitar, Gilbert Brule, Jordan Nolan - PP : Maxim Afinogenov, Daniel Carcillo - PK : Claude Giroux
Extra Defensemen
Normal : John Carlson, Tyler Cuma, Radko Gudas - PP : Jon Merrill - PK : Tyler Cuma, Dan Hamhuis
Penalty Shots
Claude Giroux, Loui Eriksson, Anze Kopitar, Jordan Nolan, Gilbert Brule

Scratches
Martin Jones (Healthy)

Golden Knights

5 vs 5 Forward 
   Center                   Left Wing                Right Wing               Time % Phy DF OF 
 1 Andrei Loktionov         Ilya Kovalchuk           Michael Frolik           40     1   2  2  
 2 Vincent Lecavalier       Chris Higgins            Zack Kassian             30     1   2  2  
 3 Tim Connolly             Alex Tanguay             Brad Richardson          20     1   2  2  
 4 Patrice Cormier          Brandon Bollig           Scottie Upshall          10     1   2  2  

5 vs 5 Defense 
   Defense                  Defense                                           Time % Phy DF OF 
 1 Zach Bogosian            Jared Cowen                                       40     1   2  2  
 2 Michael Kostka           Jakub Kindl                                       30     1   2  2  
 3 Mathew Dumba             Vladimir Mihalik                                  20     1   2  2  
 4 Zach Bogosian            Jared Cowen                                       10     1   2  2  

PowerPlay Forward 
   Center                   Left Wing                Right Wing               Time % Phy DF OF 
 1 Vincent Lecavalier       Ilya Kovalchuk           Michael Frolik           50     1   2  2  
 2 Andrei Loktionov         Chris Higgins            Scottie Upshall          50     1   2  2  

PowerPlay Defense
   Defense                  Defense                                           Time % Phy DF OF 
 1 Zach Bogosian            Jared Cowen                                       50     1   2  2  
 2 Michael Kostka           Vladimir Mihalik                                  50     1   2  2  

Penalty Kill 4 Players Forward 
   Center                   Wing                     Time % Phy DF OF 
 1 Ilya Kovalchuk           Zack Kassian             60     1   2  2  
 2 Patrice Cormier          Michael Frolik           40     1   2  2  

Penalty Kill 4 Players Defense
   Defense                  Defense                  Time % Phy DF OF 
 1 Zach Bogosian            Vladimir Mihalik         60     1   2  2  
 2 Michael Kostka           Jared Cowen              40     1   2  2  

Penalty Kill - 3 Players Forward 
   Forward                                           Time % Phy DF OF 
 1 Ilya Kovalchuk                                    70     1   2  2  
 2 Zack Kassian                                      30     1   2  2  

Penalty Kill - 3 Players Defense
   Defense                  Defense                  Time % Phy DF OF 
 1 Zach Bogosian            Michael Kostka           70     1   2  2  
 2 Jared Cowen              Jakub Kindl              30     1   2  2  

4 vs 4 Forward 
   Center                   Wing                     Time % Phy DF OF 
 1 Tim Connolly             Michael Frolik           50     1   2  2  
 2 Vincent Lecavalier       Brandon Bollig           50     1   2  2  

4 vs 4 Defense
   Defense                  Defense                  Time % Phy DF OF 
 1 Zach Bogosian            Michael Kostka           50     1   2  2  
 2 Mathew Dumba             Jared Cowen              50     1   2  2  

Last Minutes Offensive
   Center                   Left Wing                Right Wing               Defense                  Defense                  
   Andrei Loktionov         Ilya Kovalchuk           Michael Frolik           Zach Bogosian            Mathew Dumba             

Last Minutes Defensive
   Center                   Left Wing                Right Wing               Defense                  Defense                  
   Patrice Cormier          Chris Higgins            Zack Kassian             Michael Kostka           Jared Cowen              

Goaltenders
Starting : Matt Hackett             
Backup : Robin Lehner             

Extra Forwards
Normal : Alex Tanguay, Scottie Upshall, Brad Richardson - PP : Alex Tanguay, Michael Frolik - PK : Ilya Kovalchuk
Extra Defensemen
Normal : Zach Bogosian, Mathew Dumba, Vladimir Mihalik - PP : Zach Bogosian - PK : Jared Cowen, Michael Kostka
Penalty Shots
Ilya Kovalchuk, Michael Frolik, Vincent Lecavalier, Chris Higgins, Scottie Upshall

Scratches
None


% Time on Ice - Kings

Lines # - Real PCT - Wanted PCT - Time Play
Normal Forward
1 - 31% - 40% - 13:47
2 - 26% - 30% - 11:34
3 - 20% - 25% - 8:53
4 - 22% - 5% - 9:45
Normal Defense
1 - 38% - 35% - 16:44
2 - 33% - 35% - 14:22
3 - 29% - 30% - 12:35
4 - 1% - 0% - 0:18
PP Forward
1 - 56% - 60% - 5:17
2 - 44% - 40% - 4:07
PP Defense
1 - 55% - 60% - 5:12
2 - 45% - 40% - 4:12
PK Forward
1 - 74% - 60% - 4:55
2 - 26% - 40% - 1:42
PK Defense
1 - 68% - 60% - 4:29
2 - 32% - 40% - 2:08
PK3 Forward
1 - 0% - 60%
2 - 0% - 40%
PK3 Defense
1 - 0% - 60%
2 - 0% - 40%
44 Forward
1 - 0% - 60%
2 - 0% - 40%
44 Defense
1 - 0% - 60%
2 - 0% - 40%
Last Minute Offensive  - 0:00
Last Minute Defensive  - 0:00
Total
Forward - 60:00
Defense - 60:00

% Time on Ice - Golden Knights

Lines # - Real PCT - Wanted PCT - Time Play
Normal Forward
1 - 30% - 40% - 13:02
2 - 31% - 30% - 13:40
3 - 23% - 20% - 10:04
4 - 16% - 10% - 7:13
Normal Defense
1 - 43% - 40% - 18:43
2 - 33% - 30% - 14:24
3 - 21% - 20% - 9:19
4 - 4% - 10% - 1:33
PP Forward
1 - 50% - 50% - 3:20
2 - 50% - 50% - 3:17
PP Defense
1 - 56% - 50% - 3:42
2 - 44% - 50% - 2:55
PK Forward
1 - 74% - 60% - 6:57
2 - 26% - 40% - 2:27
PK Defense
1 - 55% - 60% - 5:10
2 - 45% - 40% - 4:14
PK3 Forward
1 - 0% - 70%
2 - 0% - 30%
PK3 Defense
1 - 0% - 70%
2 - 0% - 30%
44 Forward
1 - 0% - 50%
2 - 0% - 50%
44 Defense
1 - 0% - 50%
2 - 0% - 50%
Last Minute Offensive  - 0:00
Last Minute Defensive  - 0:00
Total
Forward - 60:00
Defense - 60:00

Play-by-Play

1st period


0:01 of 1st period - Andrei Loktionov wins face-off versus Anze Kopitar in neutral zone.
0:12 of 1st period - Snap shot by Ilya Kovalchuk.
0:12 of 1st period - Shot Misses the Net.
0:52 of 1st period - Daniel Carcillo is hit by Brad Richardson.
0:58 of 1st period - Wrist shot by Tim Connolly.
0:58 of 1st period - Shot Misses the Net.
1:18 of 1st period - Tyler Cuma is hit by Patrice Cormier and loses puck.
1:44 of 1st period - Snap shot by Claude Giroux.
1:44 of 1st period - Shot Misses the Net.
2:18 of 1st period - Jakub Kindl is hit by Gilbert Brule and loses puck.
2:29 of 1st period - Wrist shot by Tim Connolly.
2:29 of 1st period - Shot Misses the Net.
2:31 of 1st period - Minor Penalty to Daniel Carcillo for Hooking.
2:32 of 1st period - Gilbert Brule wins face-off versus Vincent Lecavalier in Kings zone.
2:41 of 1st period - Snap shot by Michael Frolik.
2:41 of 1st period - Stopped by Philipp Grubauer without a rebound.
2:42 of 1st period - Vincent Lecavalier wins face-off versus Gilbert Brule in Kings zone.
3:11 of 1st period - Backhand shot by Chris Higgins.
3:11 of 1st period - Goal by Chris Higgins - Kings : 0 - Golden Knights : 1.
3:12 of 1st period - Andrei Loktionov wins face-off versus Anze Kopitar in neutral zone.
3:23 of 1st period - Wrist shot by Michael Frolik.
3:23 of 1st period - Stopped by Philipp Grubauer with a rebound.
3:29 of 1st period - Snap shot by Andrei Loktionov.
3:29 of 1st period - Stopped by Philipp Grubauer without a rebound.
3:30 of 1st period - Jordan Nolan wins face-off versus Vincent Lecavalier in Kings zone.
3:30 of 1st period - Jordan Nolan is hit by Vincent Lecavalier.
3:41 of 1st period - Snap shot by Jordan Nolan.
3:41 of 1st period - Shot Misses the Net.
3:57 of 1st period - Michael Frolik is hit by Matt Martin and loses puck.
4:18 of 1st period - Slapshot by Zach Bogosian.
4:18 of 1st period - Shot Misses the Net.
4:43 of 1st period - Off-side.
4:44 of 1st period - Vincent Lecavalier wins face-off versus Jordan Nolan in neutral zone.
5:31 of 1st period - Ilya Kovalchuk is hit by Matt Martin and loses puck.
6:32 of 1st period - Patrice Cormier is hit by Claude Giroux and loses puck.
6:59 of 1st period - Snap shot by Ilya Kovalchuk.
6:59 of 1st period - Stopped by Philipp Grubauer with a rebound.
7:01 of 1st period - Wrist shot by Michael Frolik.
7:01 of 1st period - Stopped by Philipp Grubauer with a rebound.
8:03 of 1st period - Snap shot by Ilya Kovalchuk.
8:03 of 1st period - Shot Misses the Net.
8:05 of 1st period - Slapshot by Michael Kostka.
8:05 of 1st period - Stopped by Philipp Grubauer without a rebound.
8:06 of 1st period - Anze Kopitar wins face-off versus Andrei Loktionov in Kings zone.
8:38 of 1st period - Snap shot by Claude Giroux.
8:38 of 1st period - Shot Misses the Net.
8:46 of 1st period - Snap shot by Ilya Kovalchuk.
8:46 of 1st period - Stopped by Philipp Grubauer with a rebound.
8:48 of 1st period - Slapshot by Jared Cowen.
8:48 of 1st period - Deflect By Claude Giroux.
8:48 of 1st period - Stopped by Philipp Grubauer with a rebound.
8:50 of 1st period - Backhand shot by Andrei Loktionov.
8:50 of 1st period - Stopped by Philipp Grubauer without a rebound.
8:51 of 1st period - Vincent Lecavalier wins face-off versus Kevin Hayes in Kings zone.
8:53 of 1st period - Minor Penalty to Daniel Carcillo for Hooking.
8:54 of 1st period - Andrei Loktionov wins face-off versus Gilbert Brule in Kings zone.
8:56 of 1st period - Wrist shot by Chris Higgins.
8:56 of 1st period - Shot Misses the Net.
9:05 of 1st period - Off-side.
9:06 of 1st period - Andrei Loktionov wins face-off versus Brian McGrattan in neutral zone.
9:13 of 1st period - Snap shot by Chris Higgins.
9:13 of 1st period - Deflect By Andrei Loktionov.
9:13 of 1st period - Stopped by Philipp Grubauer with a rebound.
9:15 of 1st period - Slapshot by Jared Cowen.
9:15 of 1st period - Shot Blocked by Jon Merrill.
9:44 of 1st period - Claude Giroux is hit by Jared Cowen and loses puck.
9:55 of 1st period - Claude Giroux is hit by Vladimir Mihalik and loses puck.
10:32 of 1st period - Darnell Nurse is hit by Jared Cowen.
10:53 of 1st period - Penalty to Daniel Carcillo is over, Daniel Carcillo is back on ice.
11:28 of 1st period - Snap shot by Loui Eriksson.
11:28 of 1st period - Stopped by Matt Hackett with a rebound.
12:04 of 1st period - Radko Gudas is hit by Michael Kostka.
12:48 of 1st period - Snap shot by Zack Kassian.
12:48 of 1st period - Shot Misses the Net.
13:45 of 1st period - Vincent Lecavalier is hit by Loui Eriksson and loses puck.
15:38 of 1st period - Slapshot by Alex Tanguay.
15:38 of 1st period - Stopped by Philipp Grubauer without a rebound.
15:39 of 1st period - Vincent Lecavalier wins face-off versus Gilbert Brule in Kings zone.
16:10 of 1st period - Slapshot by Vladimir Mihalik.
16:10 of 1st period - Shot Misses the Net.
16:12 of 1st period - Snap shot by Scottie Upshall.
16:12 of 1st period - Shot Hit the Post.
16:14 of 1st period - Slapshot by Mathew Dumba.
16:14 of 1st period - Stopped by Philipp Grubauer with a rebound.
16:16 of 1st period - Snap shot by Brandon Bollig.
16:16 of 1st period - Deflect By Scottie Upshall.
16:16 of 1st period - Shot Misses the Net.
16:16 of 1st period - Puck is out of play.
16:17 of 1st period - Anze Kopitar wins face-off versus Andrei Loktionov in Kings zone.
16:28 of 1st period - Slapshot by Anze Kopitar.
16:28 of 1st period - Shot Misses the Net.
17:09 of 1st period - Peter Worrell is hit by Tim Connolly and loses puck.
17:16 of 1st period - Wrist shot by Tim Connolly.
17:16 of 1st period - Shot Misses the Net.
17:18 of 1st period - Slapshot by Vladimir Mihalik.
17:18 of 1st period - Deflect By Tim Connolly.
17:18 of 1st period - Stopped by Philipp Grubauer without a rebound.
17:19 of 1st period - Andrei Loktionov wins face-off versus Matt Martin in Kings zone.
17:27 of 1st period - Off-side.
17:28 of 1st period - Anze Kopitar wins face-off versus Andrei Loktionov in neutral zone.
17:50 of 1st period - Minor Penalty to Zach Bogosian for High sticking.
17:51 of 1st period - Ilya Kovalchuk wins face-off versus Anze Kopitar in Golden Knights zone.
17:59 of 1st period - Wrist shot by Claude Giroux.
17:59 of 1st period - Shot Blocked by Jared Cowen.
18:01 of 1st period - Slapshot by Radko Gudas.
18:01 of 1st period - Shot Blocked by Vladimir Mihalik.
18:03 of 1st period - Slapshot by Claude Giroux.
18:03 of 1st period - Goal by Claude Giroux - Kings : 1 - Golden Knights : 1.
18:04 of 1st period - Anze Kopitar wins face-off versus Andrei Loktionov in neutral zone.
18:06 of 1st period - Off-side.
18:07 of 1st period - Anze Kopitar wins face-off versus Andrei Loktionov in neutral zone.
18:19 of 1st period - Off-side.
18:20 of 1st period - Jordan Nolan wins face-off versus Andrei Loktionov in neutral zone.
18:55 of 1st period - Minor Penalty to Anze Kopitar for Interference.
18:56 of 1st period - Gilbert Brule wins face-off versus Vincent Lecavalier in Kings zone.
18:56 of 1st period - Gilbert Brule is hit by Vincent Lecavalier.
19:11 of 1st period - Gilbert Brule is hit by Ilya Kovalchuk.
19:59 of 1st period - Ilya Kovalchuk is hit by Brian McGrattan and loses puck.
Goals for this period are 1 for Kings vs 1 for Golden Knights.
Shots for this period are 2 for Kings vs 14 for Golden Knights.

2nd period


0:01 of 2nd period - Andrei Loktionov wins face-off versus Brian McGrattan in neutral zone.
0:16 of 2nd period - Wrist shot by Chris Higgins.
0:16 of 2nd period - Shot Misses the Net.
0:55 of 2nd period - Penalty to Anze Kopitar is over, Anze Kopitar is back on ice.
1:10 of 2nd period - Snap shot by Gilbert Brule.
1:10 of 2nd period - Deflect By Brian McGrattan.
1:10 of 2nd period - Shot Misses the Net.
1:10 of 2nd period - Puck is out of play.
1:11 of 2nd period - Tim Connolly wins face-off versus Jordan Nolan in Golden Knights zone.
1:52 of 2nd period - Alex Tanguay is hit by John Carlson and loses puck.
3:09 of 2nd period - Wrist shot by Michael Frolik.
3:09 of 2nd period - Stopped by Philipp Grubauer with a rebound.
3:21 of 2nd period - Brian McGrattan is hit by Vincent Lecavalier and loses puck.
4:04 of 2nd period - Slapshot by Zach Bogosian.
4:04 of 2nd period - Stopped by Philipp Grubauer without a rebound.
4:05 of 2nd period - Anze Kopitar wins face-off versus Tim Connolly in Kings zone.
4:05 of 2nd period - Anze Kopitar is hit by Tim Connolly.
4:26 of 2nd period - Michael Kostka is hit by Matt Martin and loses puck.
4:31 of 2nd period - Snap shot by Claude Giroux.
4:31 of 2nd period - Shot Blocked by Michael Kostka.
4:47 of 2nd period - Snap shot by Alex Tanguay.
4:47 of 2nd period - Shot Misses the Net.
4:49 of 2nd period - Slapshot by Jakub Kindl.
4:49 of 2nd period - Stopped by Philipp Grubauer without a rebound.
4:50 of 2nd period - Jordan Nolan wins face-off versus Andrei Loktionov in Kings zone.
4:50 of 2nd period - Jordan Nolan is hit by Jared Cowen.
5:25 of 2nd period - Wrist shot by Daniel Carcillo.
5:25 of 2nd period - Stopped by Matt Hackett with a rebound.
6:01 of 2nd period - Snap shot by Claude Giroux.
6:01 of 2nd period - Stopped by Matt Hackett with a rebound.
6:17 of 2nd period - Snap shot by Jordan Nolan.
6:17 of 2nd period - Stopped by Matt Hackett without a rebound.
6:18 of 2nd period - Jordan Nolan wins face-off versus Vincent Lecavalier in Golden Knights zone.
6:25 of 2nd period - Wrist shot by Jordan Nolan.
6:25 of 2nd period - Stopped by Matt Hackett with a rebound.
6:31 of 2nd period - Slapshot by John Carlson.
6:31 of 2nd period - Stopped by Matt Hackett with a rebound.
6:42 of 2nd period - Icing by Michael Kostka.
6:43 of 2nd period - Tim Connolly wins face-off versus Anze Kopitar in Golden Knights zone.
7:16 of 2nd period - Snap shot by Daniel Carcillo.
7:16 of 2nd period - Deflect By Andrei Loktionov.
7:16 of 2nd period - Shot Misses the Net.
7:16 of 2nd period - Puck is out of play.
7:17 of 2nd period - Jordan Nolan wins face-off versus Andrei Loktionov in Golden Knights zone.
7:22 of 2nd period - Slapshot by John Carlson.
7:22 of 2nd period - Shot Blocked by Mathew Dumba.
7:24 of 2nd period - Snap shot by Loui Eriksson.
7:24 of 2nd period - Shot Misses the Net.
7:26 of 2nd period - Slapshot by Darnell Nurse.
7:26 of 2nd period - Stopped by Matt Hackett without a rebound.
7:27 of 2nd period - Jordan Nolan wins face-off versus Andrei Loktionov in Golden Knights zone.
7:30 of 2nd period - Wrist shot by Loui Eriksson.
7:30 of 2nd period - Stopped by Matt Hackett without a rebound.
7:31 of 2nd period - Andrei Loktionov wins face-off versus Anze Kopitar in Golden Knights zone.
7:33 of 2nd period - Minor Penalty to Andrei Loktionov for Hooking.
7:34 of 2nd period - Ilya Kovalchuk wins face-off versus Anze Kopitar in Golden Knights zone.
8:09 of 2nd period - Snap shot by John Carlson.
8:09 of 2nd period - Shot Misses the Net.
8:27 of 2nd period - Wrist shot by Patrice Cormier.
8:27 of 2nd period - Stopped by Philipp Grubauer without a rebound.
8:28 of 2nd period - Claude Giroux wins face-off versus Ilya Kovalchuk in Kings zone.
9:33 of 2nd period - Penalty to Andrei Loktionov is over, Andrei Loktionov is back on ice.
9:40 of 2nd period - Off-side.
9:41 of 2nd period - Brad Richardson wins face-off versus Darroll Powe in neutral zone.
9:54 of 2nd period - Snap shot by Brian McGrattan.
9:54 of 2nd period - Stopped by Matt Hackett with a rebound.
10:06 of 2nd period - Dan Hamhuis is hit by Vincent Lecavalier and loses puck.
10:13 of 2nd period - Slapshot by Tyler Cuma.
10:13 of 2nd period - Stopped by Matt Hackett without a rebound.
10:14 of 2nd period - Michael Frolik wins face-off versus Anze Kopitar in Golden Knights zone.
10:14 of 2nd period - Michael Frolik is hit by Tyler Cuma.
10:22 of 2nd period - Backhand shot by Anze Kopitar.
10:22 of 2nd period - Shot Misses the Net.
10:39 of 2nd period - Anze Kopitar is hit by Vincent Lecavalier and loses puck.
11:00 of 2nd period - Minor Penalty to Brad Richardson for Hooking.
11:01 of 2nd period - Zack Kassian wins face-off versus Anze Kopitar in Golden Knights zone.
12:06 of 2nd period - Patrice Cormier is hit by Radko Gudas and loses puck.
12:25 of 2nd period - Tim Connolly is hit by Kevin Hayes.
13:00 of 2nd period - Penalty to Brad Richardson is over, Brad Richardson is back on ice.
14:08 of 2nd period - Minor Penalty to Darnell Nurse for Hooking.
14:09 of 2nd period - Brian McGrattan wins face-off versus Michael Frolik in Kings zone.
16:08 of 2nd period - Penalty to Darnell Nurse is over, Darnell Nurse is back on ice.
16:19 of 2nd period - Jordan Nolan is hit by Brad Richardson and loses puck.
17:49 of 2nd period - Slapshot by Jared Cowen.
17:49 of 2nd period - Stopped by Philipp Grubauer without a rebound.
17:50 of 2nd period - Patrice Cormier wins face-off versus Jordan Nolan in Kings zone.
18:19 of 2nd period - Slapshot by Zack Kassian.
18:19 of 2nd period - Stopped by Philipp Grubauer without a rebound.
18:20 of 2nd period - Vincent Lecavalier wins face-off versus Anze Kopitar in Kings zone.
18:41 of 2nd period - Wrist shot by Chris Higgins.
18:41 of 2nd period - Stopped by Philipp Grubauer with a rebound.
18:43 of 2nd period - Snap shot by Jakub Kindl.
18:43 of 2nd period - Shot Blocked by Dan Hamhuis.
18:45 of 2nd period - Wrist shot by Vincent Lecavalier.
18:45 of 2nd period - Stopped by Philipp Grubauer with a rebound.
18:47 of 2nd period - Slapshot by Michael Kostka.
18:47 of 2nd period - Shot Blocked by Gilbert Brule.
18:49 of 2nd period - Slapshot by Michael Kostka.
18:49 of 2nd period - Stopped by Philipp Grubauer without a rebound.
18:50 of 2nd period - Anze Kopitar wins face-off versus Andrei Loktionov in Kings zone.
19:05 of 2nd period - Wrist shot by Claude Giroux.
19:05 of 2nd period - Stopped by Matt Hackett without a rebound.
19:06 of 2nd period - Jordan Nolan wins face-off versus Vincent Lecavalier in Golden Knights zone.
19:07 of 2nd period - Slapshot by John Carlson.
19:07 of 2nd period - Stopped by Matt Hackett with a rebound.
19:09 of 2nd period - Slapshot by John Carlson.
19:09 of 2nd period - Shot Misses the Net.
19:11 of 2nd period - Snap shot by Loui Eriksson.
19:11 of 2nd period - Stopped by Matt Hackett without a rebound.
19:12 of 2nd period - Chris Higgins wins face-off versus Jordan Nolan in Golden Knights zone.
19:23 of 2nd period - Loui Eriksson is hit by Jared Cowen.
19:47 of 2nd period - Slapshot by Vincent Lecavalier.
19:47 of 2nd period - Deflect By Zack Kassian.
19:47 of 2nd period - Stopped by Philipp Grubauer with a rebound.
Goals for this period are 0 for Kings vs 0 for Golden Knights.
Shots for this period are 12 for Kings vs 10 for Golden Knights.

3rd period


0:01 of 3rd period - Anze Kopitar wins face-off versus Andrei Loktionov in neutral zone.
0:08 of 3rd period - Slapshot by Claude Giroux.
0:08 of 3rd period - Stopped by Matt Hackett with a rebound.
0:10 of 3rd period - Wrist shot by Claude Giroux.
0:10 of 3rd period - Stopped by Matt Hackett with a rebound.
0:12 of 3rd period - Snap shot by Claude Giroux.
0:12 of 3rd period - Goal by Claude Giroux - Kings : 2 - Golden Knights : 1.
0:13 of 3rd period - Ilya Kovalchuk wins face-off versus Matt Martin in neutral zone.
0:25 of 3rd period - Snap shot by Claude Giroux.
0:25 of 3rd period - Stopped by Matt Hackett with a rebound.
0:27 of 3rd period - Slapshot by Radko Gudas.
0:27 of 3rd period - Shot Blocked by Ilya Kovalchuk.
0:29 of 3rd period - Snap shot by Matt Martin.
0:29 of 3rd period - Stopped by Matt Hackett with a rebound.
0:39 of 3rd period - Gilbert Brule is hit by Jared Cowen and loses puck.
1:20 of 3rd period - Off-side.
1:21 of 3rd period - Darroll Powe wins face-off versus Andrei Loktionov in neutral zone.
1:40 of 3rd period - Snap shot by Peter Worrell.
1:40 of 3rd period - Stopped by Matt Hackett with a rebound.
1:42 of 3rd period - Slapshot by Radko Gudas.
1:42 of 3rd period - Shot Blocked by Jakub Kindl.
1:48 of 3rd period - Slapshot by Brian McGrattan.
1:48 of 3rd period - Goal by Brian McGrattan - Kings : 3 - Golden Knights : 1.
1:49 of 3rd period - Andrei Loktionov wins face-off versus Anze Kopitar in neutral zone.
2:29 of 3rd period - Slapshot by Chris Higgins.
2:29 of 3rd period - Goal by Chris Higgins - Kings : 3 - Golden Knights : 2.
2:30 of 3rd period - Andrei Loktionov wins face-off versus Anze Kopitar in neutral zone.
3:03 of 3rd period - Minor Penalty to Jakub Kindl for Hooking.
3:04 of 3rd period - Anze Kopitar wins face-off versus Ilya Kovalchuk in Golden Knights zone.
3:13 of 3rd period - Slapshot by John Carlson.
3:13 of 3rd period - Stopped by Matt Hackett with a rebound.
3:15 of 3rd period - Slapshot by John Carlson.
3:15 of 3rd period - Shot Misses the Net.
3:17 of 3rd period - Slapshot by John Carlson.
3:17 of 3rd period - Stopped by Matt Hackett without a rebound.
3:18 of 3rd period - Ilya Kovalchuk wins face-off versus Anze Kopitar in Golden Knights zone.
3:29 of 3rd period - Slapshot by Radko Gudas.
3:29 of 3rd period - Stopped by Matt Hackett with a rebound.
5:03 of 3rd period - Penalty to Jakub Kindl is over, Jakub Kindl is back on ice.
5:35 of 3rd period - Snap shot by Michael Frolik.
5:35 of 3rd period - Stopped by Philipp Grubauer with a rebound.
5:37 of 3rd period - Slapshot by Zach Bogosian.
5:37 of 3rd period - Deflect By Michael Frolik.
5:37 of 3rd period - Stopped by Philipp Grubauer with a rebound.
5:51 of 3rd period - Wrist shot by Jakub Kindl.
5:51 of 3rd period - Stopped by Philipp Grubauer with a rebound.
5:55 of 3rd period - Wrist shot by Michael Frolik.
5:55 of 3rd period - Shot Blocked by Brian McGrattan.
5:57 of 3rd period - Slapshot by Zach Bogosian.
5:57 of 3rd period - Stopped by Philipp Grubauer with a rebound.
6:01 of 3rd period - Wrist shot by Michael Frolik.
6:01 of 3rd period - Shot Misses the Net.
6:13 of 3rd period - Slapshot by Patrice Cormier.
6:13 of 3rd period - Stopped by Philipp Grubauer with a rebound.
6:33 of 3rd period - Wrist shot by Jakub Kindl.
6:33 of 3rd period - Shot Blocked by Radko Gudas.
6:35 of 3rd period - Wrist shot by Jakub Kindl.
6:35 of 3rd period - Stopped by Philipp Grubauer with a rebound.
6:37 of 3rd period - Snap shot by Michael Frolik.
6:37 of 3rd period - Shot Blocked by Radko Gudas.
6:44 of 3rd period - Off-side.
6:45 of 3rd period - Matt Martin wins face-off versus Vincent Lecavalier in neutral zone.
6:58 of 3rd period - Wrist shot by Claude Giroux.
6:58 of 3rd period - Shot Blocked by Mathew Dumba.
7:00 of 3rd period - Minor Penalty to Mathew Dumba for Roughing.
7:01 of 3rd period - Anze Kopitar wins face-off versus Ilya Kovalchuk in Golden Knights zone.
7:17 of 3rd period - Icing by Claude Giroux.
7:18 of 3rd period - Ilya Kovalchuk wins face-off versus Anze Kopitar in Kings zone.
7:25 of 3rd period - Wrist shot by Zack Kassian.
7:25 of 3rd period - Stopped by Philipp Grubauer without a rebound.
7:26 of 3rd period - Ilya Kovalchuk wins face-off versus Anze Kopitar in Kings zone.
7:35 of 3rd period - Backhand shot by Ilya Kovalchuk.
7:35 of 3rd period - Shot Misses the Net.
8:34 of 3rd period - Alex Tanguay is hit by Darnell Nurse and loses puck.
8:49 of 3rd period - Vladimir Mihalik is hit by Loui Eriksson and loses puck.
9:00 of 3rd period - Penalty to Mathew Dumba is over, Mathew Dumba is back on ice.
9:41 of 3rd period - Snap shot by Loui Eriksson.
9:41 of 3rd period - Stopped by Matt Hackett with a rebound.
9:43 of 3rd period - Snap shot by Tyler Cuma.
9:43 of 3rd period - Deflect By Vladimir Mihalik.
9:43 of 3rd period - Stopped by Matt Hackett with a rebound.
9:45 of 3rd period - Wrist shot by Gilbert Brule.
9:45 of 3rd period - Stopped by Matt Hackett without a rebound.
9:46 of 3rd period - Brad Richardson wins face-off versus Anze Kopitar in Golden Knights zone.
9:46 of 3rd period - Brad Richardson is hit by Jon Merrill.
10:16 of 3rd period - Peter Worrell is hit by Jakub Kindl and loses puck.
10:37 of 3rd period - Jon Merrill is hit by Michael Frolik and loses puck.
10:52 of 3rd period - Anze Kopitar is hit by Scottie Upshall and loses puck.
11:29 of 3rd period - Slapshot by Michael Kostka.
11:29 of 3rd period - Shot Misses the Net.
11:31 of 3rd period - Slapshot by Vincent Lecavalier.
11:31 of 3rd period - Shot Misses the Net.
11:33 of 3rd period - Wrist shot by Michael Kostka.
11:33 of 3rd period - Stopped by Philipp Grubauer with a rebound.
11:35 of 3rd period - Snap shot by Zack Kassian.
11:35 of 3rd period - Shot Blocked by John Carlson.
12:59 of 3rd period - Loui Eriksson is hit by Jared Cowen and loses puck.
13:28 of 3rd period - Wrist shot by Brad Richardson.
13:28 of 3rd period - Stopped by Philipp Grubauer with a rebound.
14:11 of 3rd period - Michael Frolik is hit by Gilbert Brule and loses puck.
14:30 of 3rd period - Zack Kassian is hit by Anze Kopitar and loses puck.
15:00 of 3rd period - Tim Connolly is hit by Dan Hamhuis and loses puck.
16:16 of 3rd period - Icing by John Carlson.
16:17 of 3rd period - Darroll Powe wins face-off versus Patrice Cormier in Kings zone.
16:22 of 3rd period - Zach Bogosian is hit by Darnell Nurse and loses puck.
16:53 of 3rd period - Icing by John Carlson.
16:54 of 3rd period - Vincent Lecavalier wins face-off versus Gilbert Brule in Kings zone.
17:21 of 3rd period - Anze Kopitar is hit by Andrei Loktionov and loses puck.
17:46 of 3rd period - Wrist shot by Jordan Nolan.
17:46 of 3rd period - Shot Blocked by Scottie Upshall.
18:18 of 3rd period - Icing by Vladimir Mihalik.
18:19 of 3rd period - Andrei Loktionov wins face-off versus Anze Kopitar in Golden Knights zone.
18:19 of 3rd period - Michael Frolik is hit by Anze Kopitar and loses puck.
18:25 of 3rd period - Off-side.
18:26 of 3rd period - Gilbert Brule wins face-off versus Andrei Loktionov in neutral zone.
18:39 of 3rd period - Snap shot by Gilbert Brule.
18:39 of 3rd period - Stopped by Matt Hackett without a rebound.
18:40 of 3rd period - Gilbert Brule wins face-off versus Tim Connolly in Golden Knights zone.
18:44 of 3rd period - Minor Penalty to Brad Richardson for Tripping.
18:45 of 3rd period - Ilya Kovalchuk wins face-off versus Anze Kopitar in Golden Knights zone.
19:01 of 3rd period - Snap shot by John Carlson.
19:01 of 3rd period - Stopped by Matt Hackett with a rebound.
Goals for this period are 2 for Kings vs 1 for Golden Knights.
Shots for this period are 15 for Kings vs 10 for Golden Knights.